PUBAA
BEAUMONT ROUGHNECKS @ WILLARD SUBMARINES
04/21/1972
 
TOP OF THE 1ST
Beaumont Roughnecks batting - Pitching for Willard Submarines : RHP Gerald Ford
Pitching: RHP Gerald Ford
Batting: RHB Errol Martin 0-0: Ball
1-0: Swinging Strike
1-1: Ball
2-1: Swinging Strike
2-2: Ball
3-2: Foul Ball, location: 3FF
3-2: Foul Ball, location: 2F
3-2: Base on Balls
Batting: RHB Shane Smith 0-0: Swinging Strike
0-1: Called Strike
0-2: Ball
1-2: Ball
2-2: Strikes out swinging
Batting: LHB Frank Hudson 0-0: Called Strike
Errol Martin steals 2nd base
0-1: Ground out U3 (Groundball, 34S, EV 87.5 MPH)
Errol Martin to third
Batting: RHB Keith Campbell 0-0: Foul Ball, location: 3F
0-1: Swinging Strike
0-2: Foul Ball, location: 2F
0-2: SINGLE (Line Drive, 6MD, EV 94.4 MPH)
Errol Martin scores
Batting: LHB Andy Pennifold 0-0: Foul Ball, location: 7LDF
0-1: Swinging Strike
0-2: Ball
Wild Pitch!
Keith Campbell to second
1-2: Foul Ball, location: 2F
1-2: Foul Ball, location: 2F
1-2: Ball
2-2: 2-RUN HOME RUN (Flyball, 9D, EV 94.4 MPH), Distance : 383 ft
Batting: SHB Mark Jewell 0-0: Called Strike
0-1: Foul Ball, location: 3FF
0-2: Strikes out swinging
Top of the 1st over - 3 runs, 2 hits, 0 errors, 0 left on base; Beaumont 3 - Willard 0
BOTTOM OF THE 1ST
Willard Submarines batting - Pitching for Beaumont Roughnecks : RHP Hisanobu Kan
Pitching: RHP Hisanobu Kan
Batting: RHB Greg Hall 0-0: Swinging Strike
0-1: Ball
1-1: Ball
2-1: Fly out, F2 (Popup, 23F, EV 86.3 MPH)
Batting: RHB Pedro Ayala 0-0: Ball
1-0: Swinging Strike
1-1: Ball
2-1: Called Strike
2-2: Foul Ball, location: 9LDF
2-2: Ground out 6-3 (Groundball, 6S, EV 89.4 MPH)
Batting: LHB Jason Irwin 0-0: Ball
1-0: Called Strike
1-1: Ball
2-1: Fly out, F7 (Flyball, 78S, EV 90.6 MPH)
Bottom of the 1st over - 0 runs, 0 hits, 0 errors, 0 left on base; Beaumont 3 - Willard 0
TOP OF THE 2ND
Beaumont Roughnecks batting - Pitching for Willard Submarines : RHP Gerald Ford
Batting: SHB Steve Payne 0-0: Foul Ball, location: 23F
0-1: Called Strike
0-2: Strikes out swinging
Batting: LHB Alejandro Guerrero 0-0: Called Strike
0-1: Foul Ball, location: 2F
0-2: Ball
1-2: SINGLE (Groundball, 4MD, EV 96.9 MPH)
Batting: LHB Paul Ratliff 0-0: Grounds into double play, 1-4-3 (Groundball, 15S, EV 64.4 MPH)
Top of the 2nd over - 0 runs, 1 hit, 0 errors, 0 left on base; Beaumont 3 - Willard 0
BOTTOM OF THE 2ND
Willard Submarines batting - Pitching for Beaumont Roughnecks : RHP Hisanobu Kan
Batting: RHB Austin Davis 0-0: Ball
1-0: Fly out, F3 (Popup, 3SF, EV 85.0 MPH)
Batting: LHB Ronald Morris 0-0: Called Strike
0-1: Called Strike
0-2: Strikes out swinging
Batting: SHB Brad Taylor 0-0: Ground out 4-3 (Groundball, 4S, EV 82.5 MPH)
Bottom of the 2nd over - 0 runs, 0 hits, 0 errors, 0 left on base; Beaumont 3 - Willard 0
TOP OF THE 3RD
Beaumont Roughnecks batting - Pitching for Willard Submarines : RHP Gerald Ford
Batting: RHB Errol Martin 0-0: Ball
1-0: Swinging Strike
1-1: Ball
2-1: Swinging Strike
2-2: Strikes out swinging
Batting: RHB Shane Smith 0-0: Ball
1-0: Ball
2-0: Swinging Strike
2-1: Called Strike
2-2: Strikes out swinging
Batting: LHB Frank Hudson 0-0: Ball
1-0: Ground out 6-3 (Groundball, 6, EV 90.0 MPH)
Top of the 3rd over - 0 runs, 0 hits, 0 errors, 0 left on base; Beaumont 3 - Willard 0
BOTTOM OF THE 3RD
Willard Submarines batting - Pitching for Beaumont Roughnecks : RHP Hisanobu Kan
Batting: LHB Michael Wilson 0-0: Ball
1-0: Swinging Strike
1-1: Swinging Strike
1-2: Ball
2-2: Strikes out swinging
Batting: RHB Alejandro Robles 0-0: Ball
1-0: Called Strike
1-1: Called Strike
1-2: Foul Ball, location: 2F
1-2: Ball
2-2: Strikes out looking
Batting: LHB Jim Unknown 0-0: Ball
1-0: Ball
2-0: Called Strike
2-1: DOUBLE (Line Drive, 78D, EV 106.9 MPH)
Batting: RHB Greg Hall Balk!
Jim Unknown to third
0-0: Called Strike
0-1: Ball
1-1: Swinging Strike
1-2: Strikes out swinging, 2-3 out at first.
Bottom of the 3rd over - 0 runs, 1 hit, 0 errors, 1 left on base; Beaumont 3 - Willard 0
TOP OF THE 4TH
Beaumont Roughnecks batting - Pitching for Willard Submarines : RHP Gerald Ford
Batting: RHB Keith Campbell 0-0: Ground out 5-3 (Groundball, 56, EV 109.4 MPH)
Batting: LHB Andy Pennifold 0-0: Ball
1-0: Foul Ball, location: 5F
1-1: Ground out 4-3 (Groundball, 4, EV 108.1 MPH)
Batting: SHB Mark Jewell 0-0: Ball
1-0: Called Strike
1-1: Foul Ball, location: 5SF
1-2: Strikes out swinging, 2-3 out at first.
Top of the 4th over - 0 runs, 0 hits, 0 errors, 0 left on base; Beaumont 3 - Willard 0
BOTTOM OF THE 4TH
Willard Submarines batting - Pitching for Beaumont Roughnecks : RHP Hisanobu Kan
Batting: RHB Pedro Ayala 0-0: Ball
1-0: Foul Ball, location: 2F
1-1: Ball
2-1: Foul Ball, location: 2LF
2-2: Ball
3-2: Fly out, F8 (Flyball, 8RD, EV 83.8 MPH)
Batting: LHB Jason Irwin 0-0: Ball
1-0: Called Strike
1-1: Called Strike
1-2: Ball
2-2: Ball
3-2: Foul Ball, location: 2F
3-2: Fly out, F5 (Line Drive, 5L, EV 68.8 MPH)
Batting: RHB Austin Davis 0-0: Ball
1-0: Ball
2-0: Ground out 1-5-3 (Groundball, 15S, EV 104.4 MPH)
Bottom of the 4th over - 0 runs, 0 hits, 0 errors, 0 left on base; Beaumont 3 - Willard 0
TOP OF THE 5TH
Beaumont Roughnecks batting - Pitching for Willard Submarines : RHP Gerald Ford
Batting: SHB Steve Payne 0-0: Ball
1-0: SINGLE (Groundball, 4MD, EV 95.6 MPH)
Batting: LHB Alejandro Guerrero 0-0: Called Strike
0-1: Called Strike
0-2: Ball
1-2: Foul Ball, location: 7LSF
1-2: Strikes out swinging
Batting: LHB Paul Ratliff 0-0: Called Strike
0-1: Swinging Strike
0-2: Ball
1-2: Ball
2-2: Strikes out swinging
Batting: RHB Errol Martin 0-0: Ball
1-0: Swinging Strike
1-1: Swinging Strike
1-2: Strikes out swinging
Top of the 5th over - 0 runs, 1 hit, 0 errors, 1 left on base; Beaumont 3 - Willard 0
BOTTOM OF THE 5TH
Willard Submarines batting - Pitching for Beaumont Roughnecks : RHP Hisanobu Kan
Batting: LHB Ronald Morris 0-0: Called Strike
0-1: Called Strike
0-2: Strikes out looking
Batting: SHB Brad Taylor 0-0: Foul Ball, location: 5SF
0-1: Ball
1-1: Swinging Strike
1-2: Ball
2-2: SINGLE (Line Drive, 78S, EV 103.1 MPH)
Batting: LHB Michael Wilson 0-0: Ball
1-0: Ball
2-0: SINGLE (Groundball, 4D, EV 106.9 MPH)
Brad Taylor to second
Runner from 2nd tries for 3rd, SAFE, no throw by RF
Batting: RHB Alejandro Robles 0-0: Ball
1-0: Ball
2-0: Called Strike
2-1: Ball
3-1: SINGLE (Flyball, 9LS, EV 90.6 MPH)
Brad Taylor scores
Michael Wilson to second
Batting: LHB Jim Unknown 0-0: Called Strike
0-1: Ball
1-1: Called Strike
1-2: Strikes out looking
Batting: RHB Greg Hall 0-0: Ball
1-0: Called Strike
1-1: Ground out 4-3 (Groundball, 4, EV 93.1 MPH)
Bottom of the 5th over - 1 run, 3 hits, 0 errors, 2 left on base; Beaumont 3 - Willard 1
TOP OF THE 6TH
Beaumont Roughnecks batting - Pitching for Willard Submarines : RHP Gerald Ford
Batting: RHB Shane Smith 0-0: Called Strike
0-1: Ball
1-1: Foul Ball, location: 2F
1-2: Foul Ball, location: 3SF
1-2: Ball
2-2: Ball
3-2: Base on Balls
Batting: LHB Frank Hudson 0-0: Ball
1-0: Ball
2-0: DOUBLE (Line Drive, 7LM, EV 104.4 MPH)
Shane Smith to third
Batting: RHB Keith Campbell 0-0: Called Strike
0-1: Fly out, F9 (Flyball, 9D, EV 104.4 MPH)
Runner from 3rd tags up, SCORES, no throw by RF
Batting: LHB Andy Pennifold 0-0: Ball
1-0: Fly out, F4 (Popup, 4MD, EV 58.8 MPH)
Batting: SHB Mark Jewell 0-0: Ball
1-0: Ball
2-0: Called Strike
2-1: Foul Ball, location: 5F
2-2: Ball
3-2: Foul Ball, location: 25F
3-2: Base on Balls
Batting: SHB Steve Payne 0-0: Foul Ball, location: 7LMF
0-1: Swinging Strike
0-2: Foul Ball, location: 2RF
0-2: Ball
1-2: Strikes out swinging
Top of the 6th over - 1 run, 1 hit, 0 errors, 2 left on base; Beaumont 4 - Willard 1
BOTTOM OF THE 6TH
Willard Submarines batting - Pitching for Beaumont Roughnecks : RHP Hisanobu Kan
Batting: RHB Pedro Ayala 0-0: Called Strike
0-1: Ball
1-1: Ball
2-1: Fly out, F9 (Flyball, 9LMF, EV 91.3 MPH)
Batting: LHB Jason Irwin 0-0: Fly out, F9 (Flyball, 9, EV 85.6 MPH)
Batting: RHB Austin Davis 0-0: Ball
1-0: Ball
2-0: Called Strike
2-1: Called Strike
2-2: Foul Ball, location: 2F
2-2: Ball
3-2: Foul Ball, location: 2F
3-2: SOLO HOME RUN (Flyball, 7LD, EV 96.9 MPH), Distance : 374 ft
Batting: LHB Ronald Morris 0-0: Ball
1-0: Ball
2-0: Ball
3-0: Base on Balls
Batting: SHB Brad Taylor 0-0: Ball
1-0: Ground out 6-3 (Groundball, 6MS, EV 66.9 MPH)
Bottom of the 6th over - 1 run, 1 hit, 0 errors, 1 left on base; Beaumont 4 - Willard 2
TOP OF THE 7TH
Beaumont Roughnecks batting - Pitching for Willard Submarines : RHP Gerald Ford
Batting: LHB Alejandro Guerrero 0-0: SOLO HOME RUN (Flyball, 78XD, EV 106.9 MPH), Distance : 415 ft
Batting: LHB Paul Ratliff 0-0: Ball
1-0: Foul Ball, location: 5SF
1-1: Ball
2-1: Ball
3-1: Called Strike
3-2: Strikes out looking
Batting: RHB Errol Martin 0-0: Ball
1-0: Ball
2-0: Ball
3-0: Base on Balls
Batting: RHB Shane Smith 0-0: Ball
Errol Martin is caught stealing 2nd base 2-4
1-0: Ball
2-0: Ball
3-0: Called Strike
3-1: Swinging Strike
3-2: Base on Balls
Batting: LHB Frank Hudson 0-0: Ball
1-0: Foul Ball, location: 23FF
1-1: Ball
2-1: Called Strike
2-2: Ball
3-2: Strikes out swinging
Top of the 7th over - 1 run, 1 hit, 0 errors, 1 left on base; Beaumont 5 - Willard 2
BOTTOM OF THE 7TH
Willard Submarines batting - Pitching for Beaumont Roughnecks : RHP Hisanobu Kan
Batting: LHB Michael Wilson 0-0: Ball
1-0: Ground out 4-3 (Groundball, 4, EV 88.1 MPH)
Batting: RHB Alejandro Robles 0-0: Ball
1-0: Foul Ball, location: 25F
1-1: Called Strike
1-2: Fly out, F4 (Popup, 34S, EV 85.0 MPH)
Batting: LHB Jim Unknown 0-0: Called Strike
0-1: Ball
1-1: SINGLE (Groundball, 34S, EV 85.6 MPH)
Pitching: RHP Tony Allen
Batting: RHB Greg Hall 0-0: Called Strike
0-1: Swinging Strike
0-2: Ball
1-2: Foul Ball, location: 2F
1-2: Fielders Choice at 2nd, 5-4 (Groundball, 56, EV 83.8 MPH)
Bottom of the 7th over - 0 runs, 1 hit, 0 errors, 1 left on base; Beaumont 5 - Willard 2
TOP OF THE 8TH
Beaumont Roughnecks batting - Pitching for Willard Submarines : RHP Gerald Ford
Pitching: LHP Steve Petersen
Batting: RHB Keith Campbell 0-0: Ball
1-0: Ball
2-0: Swinging Strike
2-1: SINGLE (Groundball, 34D, EV 106.3 MPH) (infield hit)
Batting: RHB Craig Alvarado 0-0: Called Strike
0-1: DOUBLE (Line Drive, 89D, EV 110.6 MPH)
Keith Campbell to third
Batting: SHB Mark Jewell 0-0: Intentional Walk
Batting: SHB Steve Payne 0-0: Grounds into fielders choice 6-2 (Groundball, 6, EV 86.9 MPH)
Craig Alvarado to third
Mark Jewell to second
Batting: LHB Alejandro Guerrero 0-0: Swinging Strike
0-1: Called Strike
0-2: SINGLE (Line Drive, 8RS, EV 90.0 MPH)
Craig Alvarado scores
Mark Jewell to third
Steve Payne to second
Runner from 3rd tries for Home, SAFE, throw by CF to home
Batting: LHB Paul Ratliff 0-0: Foul Ball, location: 2F
0-1: Ball
1-1: Foul Ball, location: 5SF
1-2: Strikes out swinging
Batting: RHB Errol Martin 0-0: Ball
1-0: Called Strike
1-1: Ball
2-1: Ball
3-1: Called Strike
3-2: Foul Ball, location: 7LSF
3-2: Foul Ball, location: 9LSF
3-2: Ground out 6-3 (Groundball, 56, EV 95.6 MPH)
Top of the 8th over - 2 runs, 3 hits, 0 errors, 2 left on base; Beaumont 7 - Willard 2
BOTTOM OF THE 8TH
Willard Submarines batting - Pitching for Beaumont Roughnecks : RHP Tony Allen
Batting: RHB Pedro Ayala 0-0: SINGLE (Line Drive, 6D, EV 95.0 MPH)
Batting: LHB Jason Irwin 0-0: Ball
1-0: Ball
2-0: Called Strike
2-1: Foul Ball, location: 2LF
2-2: Strikes out swinging
Batting: RHB Austin Davis 0-0: Fly out, F4 (Flyball, 34D, EV 94.4 MPH)
Batting: LHB Ronald Morris 0-0: Swinging Strike
0-1: DOUBLE (Flyball, 8RXD, EV 99.4 MPH)
Pedro Ayala to third
Batting: SHB Brad Taylor 0-0: Ball
1-0: TRIPLE (Flyball, 9D, EV 90.6 MPH)
Pedro Ayala scores
Ronald Morris scores
Batting: LHB Michael Wilson 0-0: Foul Ball, location: 7LMF
0-1: Called Strike
0-2: Foul Ball, location: 5F
0-2: Ball
1-2: Foul Ball, location: 3FF
1-2: Ground out 4-3 (Groundball, 4, EV 85.6 MPH)
Bottom of the 8th over - 2 runs, 3 hits, 0 errors, 1 left on base; Beaumont 7 - Willard 4
TOP OF THE 9TH
Beaumont Roughnecks batting - Pitching for Willard Submarines : LHP Steve Petersen
Batting: RHB Shane Smith 0-0: Called Strike
0-1: Called Strike
0-2: Strikes out looking
Batting: LHB Frank Hudson 0-0: Ball
1-0: SINGLE (Line Drive, 4MD, EV 99.4 MPH)
Batting: RHB Keith Campbell 0-0: Called Strike
0-1: Ball
1-1: Called Strike
1-2: Ball
2-2: Foul Ball, location: 2F
2-2: Ball
3-2: Strikes out swinging
Batting: RHB Craig Alvarado 0-0: Ball
1-0: Foul Ball, location: 9LMF
1-1: Ball
2-1: Called Strike
2-2: DOUBLE (Line Drive, 5D, EV 106.9 MPH)
Frank Hudson to third
Runner from 3rd tries for Home, SAFE, throw by LF to home
Pitching: RHP Stephen Walden
Batting: SHB Mark Jewell 0-0: Called Strike
0-1: Ball
1-1: Ball
2-1: Called Strike
2-2: Foul Ball, location: 7LDF
2-2: Fly out, F9 (Flyball, 9D, EV 88.8 MPH)
Top of the 9th over - 1 run, 2 hits, 0 errors, 1 left on base; Beaumont 8 - Willard 4
BOTTOM OF THE 9TH
Willard Submarines batting - Pitching for Beaumont Roughnecks : RHP Tony Allen
Pinch Hitting: LHB Sean Gaines 0-0: Called Strike
0-1: Foul Ball, location: 2F
0-2: Ball
1-2: Strikes out swinging
Pinch Hitting: RHB Miguel Estrada 0-0: Ball
1-0: Swinging Strike
1-1: Foul Ball, location: 5F
1-2: Strikes out swinging
Batting: RHB Greg Hall 0-0: Called Strike
0-1: Fly out, F3 (Line Drive, 3L, EV 65.0 MPH)
Bottom of the 9th over - 0 runs, 0 hits, 0 errors, 0 left on base; Beaumont 8 - Willard 4
Wednesday, February 28th , 2024 - OOTP Baseball 24.8 Build 75